Map: Prion Terraces

Players

LindyHop

  • Race: Zerg Zerg
  • League: Platinum

StuBob - Winner!

  • Race: Zerg Zerg
  • League: Gold

VOD

Have the link to the VOD?

Description

Time

  • Played on: Dec. 12, 2015, 7:14 p.m.
  • Length: 10:20
Show
View Real Time Build Order
Export as new Build Order

LindyHop Zerg 

Build Orders: Pool First, Zergling Baneling 

Get SALT Encoding   

  12  0:01  Drone  
  13  0:09  Drone  
  14  0:16  Drone, Extractor  
  14  0:34  Spawning Pool  
  13  0:36  Drone  
  14  0:46  Overlord  
  14  0:55  Drone, Extractor  
  15  1:18  Drone  
  15  1:21  Metabolic Boost  
  15  1:22  Queen  
  18  1:26  Zergling x2  
  18  1:32  Zergling x2  
  20  1:37  Zergling x2  
  21  1:44  Overlord  
  21  1:52  Zergling x2  
  22  1:57  Baneling Nest  
  21  2:03  Zergling x2  
  22  2:18  Zergling x2  
  23  2:26  Overlord  
  22  2:34  Zergling x6  
  25  2:40  Zergling x2  
  26  2:52  Hatchery  
  26  2:57  Zergling x2  
  26  3:04  Zergling x4  
  28  3:26  Baneling  
  28  3:28  Baneling  
  28  3:31  Zergling x2  
  28  3:32  Zergling x4  
  28  3:52  Baneling x3  
  22  3:58  Zergling x6  
  23  4:16  Zergling x2  
  23  4:17  Zergling x2  
  24  4:21  Roach Warren  
  20  4:44  Baneling x3  
  20  4:47  Baneling x2  
  20  4:48  Baneling  
  18  5:02  Spine Crawler  
  16  5:11  Drone x3  
  19  5:18  Roach x3  
  25  5:31  Roach  
  25  5:32  Roach x2  
  25  5:33  Drone  
  32  5:36  Drone  
  33  5:45  Roach  
  35  5:50  Roach  
  36  5:59  Roach  
  38  6:15  Drone x5  
  42  6:21  Roach  
  44  6:36  Overlord  
  44  6:37  Overlord  
  44  6:45  Lair  
  44  6:57  Queen  
  44  7:00  Drone x2  
  48  7:03  Drone  
  48  7:05  Drone  
  48  7:07  Drone  
  51  7:12  Overlord  
  51  7:16  Drone  
  51  7:18  Drone  
  51  7:21  Drone  
  54  7:24  Drone, Extractor  
  54  7:27  Drone  
  55  7:31  Drone x2  
  57  7:40  Drone x3  
  57  7:43  Extractor  
  59  7:45  Extractor  
  59  7:49  Spire  
  57  7:52  Drone  
  57  7:53  Drone  
  59  8:05  Spine Crawler  
  58  8:13  Drone  
  58  8:14  Drone x5  
  64  8:39  Zergling x6  
  64  8:40  Zergling x2  
  68  8:43  Overlord x3  
  68  9:01  Mutalisk  
  68  9:02  Mutalisk x5  
  80  9:04  Evolution Chamber  
  80  9:08  Mutalisk  
  81  9:17  Mutalisk  
  83  9:34  Hatchery  
  82  9:43  Mutalisk  
  82  9:44  Mutalisk  
  86  9:57  Overlord x3  
Show
View Real Time Build Order
Export as new Build Order

StuBob Zerg - Winner!

Build Orders: Pool First 

Get SALT Encoding   

  12  0:01  Drone  
  13  0:12  Overlord  
  13  0:17  Drone  
  14  0:31  Drone x2  
  14  0:34  Drone  
  17  0:41  Extractor  
  16  0:45  Drone  
  17  0:52  Spawning Pool  
  16  1:01  Drone  
  17  1:07  Drone  
  18  1:17  Drone  
  19  1:28  Hatchery  
  18  1:38  Queen  
  20  1:44  Metabolic Boost  
  20  1:49  Overlord  
  20  1:53  Zergling x2  
  21  1:56  Zergling x2  
  22  2:08  Spine Crawler  
  21  2:09  Zergling x2  
  21  2:14  Zergling x2  
  23  2:27  Drone  
  24  2:43  Baneling Nest  
  25  2:46  Queen  
  25  2:47  Overlord  
  25  2:48  Drone x2  
  27  2:53  Zergling x2  
  26  3:08  Zergling x8  
  26  3:11  Spine Crawler  
  28  3:18  Spine Crawler  
  27  3:21  Zergling x2  
  28  3:27  Baneling x2  
  28  3:28  Baneling  
  26  3:35  Zergling x4  
  27  3:46  Drone x3  
  28  4:14  Drone x7  
  33  4:22  Zergling x2  
  34  4:26  Zergling x2  
  34  4:31  Queen  
  36  4:39  Spine Crawler  
  36  4:44  Zergling x6  
  35  5:08  Zergling x8  
  35  5:09  Zergling x2  
  40  5:14  Lair  
  40  5:18  Roach Warren  
  39  5:24  Drone x2  
  41  5:32  Drone x3  
  41  5:34  Overlord x2  
  44  5:44  Baneling x2  
  44  5:45  Baneling x5  
  44  5:51  Queen  
  44  5:53  Drone x4  
  43  6:19  Drone x6  
  48  6:32  Roach  
  54  6:33  Roach x3  
  54  6:35  Spine Crawler  
  54  6:36  Spine Crawler, Extractor  
  54  6:38  Spine Crawler  
  52  6:41  Extractor  
  52  6:42  Extractor  
  50  6:48  Overlord  
  50  6:50  Drone x2  
  52  7:06  Drone x8  
  60  7:23  Roach x4  
  60  7:29  Spire  
  67  7:32  Hatchery  
  67  7:36  Overlord  
  66  7:49  Evolution Chamber x2  
  64  7:52  Extractor  
  64  7:58  Extractor  
  62  8:13  Drone x8  
  70  8:25  Drone x3  
  70  8:26  Drone  
  74  8:32  Roach  
  76  8:35  Overlord x3  
  76  8:42  Overlord  
  76  9:07  Mutalisk  
  76  9:08  Mutalisk x6  
  76  9:09  Mutalisk  
  92  9:11  Mutalisk  
  94  9:22  Mutalisk x2  
  94  9:23  Mutalisk  
  100  9:32  Infestation Pit  
  99  9:42  Roach x4  
  107  9:50  Hatchery  
Tags
 
Add a new tag
Caveats
  • Supply blocks, unpowered buildings, or Contaminate may cause inaccurate times.
  • Supply counts are checked every 10 seconds.